 Dungeon Crawl Stone Soup version 0.19.0-19-g8c6edcc (webtiles) character file.

242 InterDimensionalOwl the Sneak (level 5, -2/24 HPs)
             Began as a Spriggan Enchanter on Nov 15, 2016.
             Slain by Grinder (6 damage)
             ... while paralysed by Grinder
             ... on level 5 of the Dungeon.
             The game lasted 00:29:40 (4200 turns).

InterDimensionalOwl the Sneak (Spriggan Enchanter)  Turns: 4200, Time: 00:29:41

Health: -2/24      AC:  5    Str:  4    XL:     5   Next: 82%
Magic:  9/12       EV:  4    Int: 16    God:
Gold:   256        SH:  0    Dex: 18    Spells: 3 memorised, 7 levels left

rFire  . . .     SeeInvis +     a - +1 dagger
rCold  . . .     Gourm    .     g - +1 robe
rNeg   . . .     Faith    .     (shield restricted)
rPois  .         Spirit   .     (helmet restricted)
rElec  .         Reflect  .     m - +1 cloak
rCorr  .         Harm     .     (gloves unavailable)
MR     .....                    (boots unavailable)
Stlth  ++++......               (no amulet)
                                (no ring)
                                (no ring)

@: paralysed, very quick
A: unfitting armour, see invisible, herbivore 3, speed 3, slow metabolism 2
a: no special abilities


You were on level 5 of the Dungeon.
You were full.

You visited 1 branch of the dungeon, and saw 5 of its levels.

You collected 256 gold pieces.

Inventory:

Hand Weapons
 a - a +1 dagger (weapon)
 b - a +0 hunting sling
 p - a +0 rapier
Missiles
 e - 68 stones (quivered)
Armour
 g - a +1 robe (worn)
 m - a +1 cloak (worn)
Scrolls
 j - 3 scrolls of fog
 q - a scroll of enchant weapon {unknown}
 t - a scroll of remove curse
 v - a scroll of immolation {unknown}
Potions
 h - 2 potions of heal wounds {unknown}
 i - a potion of cure mutation
 k - a potion of degeneration {unknown}
 l - 4 potions of curing
 n - 2 potions of resistance {unknown}
 o - 2 potions of lignification {unknown}
 r - 2 potions of brilliance
 s - 2 potions of invisibility {unknown}
Books
 c - a book of Maledictions

   Spells                             Type                      Level
   a - Corona                         Hexes                        1
   b - Ensorcelled Hibernation        Hexes/Ice                    2
   c - Confuse                        Hexes                        3
   d - Tukima's Dance                 Hexes                        3
   e - Dazzling Spray                 Conjuration/Hexes            3
Comestibles
 d - 3 bread rations
 f - 12 fruits
 u - a royal jelly
 w - a slice of pizza


   Skills:
 - Level 3.1 Short Blades
 - Level 3.0 Dodging
 + Level 7.4 Stealth
 * Level 4.5 Spellcasting
 - Level 4.1 Hexes


You had 7 spell levels left.
You knew the following spells:

 Your Spells              Type           Power        Failure   Level  Hunger
a - Corona                Hex            ###....      3%          1    None
b - Ensorcelled Hibernat  Hex/Ice        ##....       12%         2    ##.....
c - Confuse               Hex            ###.....     12%         3    ###....


Dungeon Overview and Level Annotations

Branches:
Dungeon (5/15)
 Temple: D:4-7

Altars:
Kikubaaqudgha
The Shining One

Annotations:
D:3 herpmino's ghost, amateur HuHu
D:5 Grinder


Innate Abilities, Weirdness & Mutations

You are very small and have problems with some larger weapons.
You are too small for most types of armour.
You have supernaturally acute eyesight. (SInv)
You are a herbivore.
You cover ground extremely quickly.
You need consume almost no food.


Message History

Confirm with . or Enter, or press ? or * to list all spells.
Aiming: Corona
Press: ? - help, Shift-Dir - straight line, f/p - Grinder
Aim: Grinder (lightly wounded, chance to defeat MR: 53%) Grinder is outlined in light.
Restoring view layers.
Grinder hits you but does no damage.
You hit Grinder.
Grinder is lightly wounded.
Grinder blinks!
You hit Grinder but do no damage.
Grinder is lightly wounded.
Grinder gestures at you.
You suddenly lose the ability to move!
Grinder hits you.
* * * LOW HITPOINT WARNING * * *
You writhe in agony.
* * * LOW HITPOINT WARNING * * *
Grinder hits you.
You die...

....# #.#.#
#.#.# #...##
#...# #..$#
#..#
#########..#
##
#....<@5.†>#
.#####
#######.####
.....# #.#
..##### #.#
...<..# #.#
#.##### #.#
..# #.# #.#
#.# #.#####
#.#


You could see Grinder.

Vanquished Creatures
  A bullfrog skeleton (D:4)
  An orc wizard (D:4)
  2 worker ants
  A hound skeleton (D:4)
  A howler monkey skeleton (D:5)
  2 adders (D:2)
  2 oozes
  3 dart slugs
  4 leopard geckos
  2 orcs (D:4)
  6 bats
  8 giant cockroaches
  8 goblins
  5 hobgoblins
  6 jackals
  2 quokkas
  7 frilled lizards
  9 kobolds
  6 rats
76 creatures vanquished.

Notes
Turn   | Place    | Note
-------+----------+-------------------------------------------
     0 | D:1      | InterDimensionalOwl the Spriggan Enchanter began the quest for the Orb.
     0 | D:1      | Reached XP level 1. HP: 9/9 MP: 5/5
   252 | D:1      | Reached XP level 2. HP: 12/13 MP: 4/6
   328 | D:1      | Reached skill level 5 in Stealth
   841 | D:2      | Reached XP level 3. HP: 16/16 MP: 8/8
  1615 | D:2      | Reached skill level 6 in Stealth
  1679 | D:2      | Reached XP level 4. HP: 10/21 MP: 7/9
  2156 | D:2      | Found an ancient bone altar of Kikubaaqudgha.
  2372 | D:2      | Learned a level 2 spell: Ensorcelled Hibernation
  2376 | D:2      | Learned a level 3 spell: Confuse
  2565 | D:3      | Found a glowing golden altar of the Shining One.
  2605 | D:5      | Entered Level 5 of the Dungeon
  2968 | D:3      | Noticed herpmino's ghost (amateur HuHu)
  3357 | D:4      | Reached XP level 5. HP: 24/24 MP: 7/11
  3554 | D:4      | HP: 1/24 [bullfrog skeleton (5)]
  3556 | D:4      | Reached skill level 7 in Stealth
  4164 | D:5      | Noticed Grinder
  4198 | D:5      | Paralysed by Grinder for 4 turns
  4200 | D:5      | Slain by Grinder

Skill      XL: |  1  2  3  4  5 |
---------------+----------------+-----
Short Blades   | 2 3 |  3.1
Stealth        | 5 6 7 |  7.4
Spellcasting   | 3 4 |  4.5
Hexes          | 4 |  4.1
Dodging        | |  3.0

Action                   |  1- 3 |  4- 6 || total
-------------------------+-------+-------++-------
Melee: Dagger            |   210 |   161 ||   371
Throw: Stone             |     5 |     2 ||     7
 Cast: Corona            |    15 |     4 ||    19
       Ensorcelled Hiber |       |     2 ||     2
       Confuse           |       |     2 ||     2
  Use: Scroll            |     4 |     2 ||     6
       Potion            |     1 |     1 ||     2
 Stab: Sleeping          |    14 |    14 ||    28
       Distracted        |       |     1 ||     1
  Eat: Bread ration      |       |     1 ||     1
Armor: Robe              |    22 |    31 ||    53
Dodge: Dodged            |   162 |   139 ||   301
